[Event "Late-Titled-Tuesday-Blitz-June-18-2024"]
[Site "Chess.com"]
[Date "2024.06.18"]
[Round "7"]
[White "GiorgianBarbosa"]
[Black "ellatambien"]
[Result "0-1"]
[WhiteElo "2500"]
[BlackElo "2706"]
[TimeControl "180+1"]
[EndTime "15:19:58 PDT"]
[Termination "ellatambien won on time"]

1. b3 e5 2. Bb2 d6 3. Nf3 Nf6 4. Nc3 g6 5. e4 Bg7 6. d4 Qe7 7. dxe5 dxe5 8. Bc4 O-O 9. O-O c6 10. a4 Rd8 11. Qe2 Nh5 12. Ba3 Qf6 13. Rfd1 Re8 14. Qe3 Qf4 15. Ng5 Be6 16. Nxe6 fxe6 17. Qh3 Kf7 18.
Rd3 Nf6 19. Rf3 Qh6 20. Qg3 Nd7 21. Rd1 Nb6 22. Be2 Rad8 23. Rfd3 Rxd3 24. Qxd3 Kg8 25. g3 Bf8 26. Bc1 Qg7 27. a5 Nc8 28. Bg5 Be7 29. Qc4 Qf7 30. Bf1 Nd6 31. Qa4 a6 32. Bh3 Nb5 33. Qc4 Bf8 34. Nxb5 axb5 35. Qc3 h6 36. Bc1 Nd7 37. Qe3 g5 38. Bb2 Bc5 39. Qe2 Bd4 40.
c3 Ba7 41. Bg4 Qe7 42. Kg2 Rf8 43. f3 Bc5 44. Bh5 Nf6 0-1

[Event "Late-Titled-Tuesday-Blitz-June-18-2024"]
[Site "Chess.com"]
[Date "2024.06.18"]
[Round "7"]
[White "DryCounty"]
[Black "Durarbayli"]
[Result "1-0"]
[WhiteElo "2672"]
[BlackElo "2924"]
[TimeControl "180+1"]
[EndTime "15:20:01 PDT"]
[Termination "DryCounty won by checkmate"]

1. e4 c5 2. Nf3 d6 3. d4 cxd4 4. Nxd4 Nf6 5. Nc3 a6 6. Be2 e6 7. a4 Be7 8. Be3 O-O 9. a5 Nc6 10. Nb3 d5 11. exd5 exd5 12. O-O Bb4 13. Na4 Be6 14. c3 Bd6 15. Nac5 Qc7 16. Nxe6 Bxh2+ 17. Kh1 fxe6 18. g3 Bxg3 19. fxg3 Ne4 20. Bf4 Nxg3+ 21.
Bxg3 Qxg3 22. Qd3 Qh4+ 23. Kg2 Ne5 24. Qe3 Ng6 25. Qxe6+ Kh8 26. Qg4 Nf4+ 27. Rxf4 Rxf4 28. Qxh4 Rxh4 29. Rd1 Rd8 30. Bf3 Rh6 31. Rxd5 Rg6+ 32.
Kf2 Rf8 33. Nd4 b6 34. b4 bxa5 35. Rxa5 Rd6 36. Ke3 g6 37. Bd5 h5 38. c4 Rb6 39.
b5 axb5 40. Rxb5 Ra6 41. Rb7 Ra3+ 42. Ke4 h4 43. Ne6 Rf5 44. c5 h3 45. Rb2 Ra5 46. Rd2 Rh5 47. c6 Rh4+ 48. Ke5 Ra8 49. c7 Rc8 50. Bb7 Rxc7 51. Nxc7 Rh7 52. Kd6 h2 53.
Bh1 Kg7 54. Ne6+ Kf6 55. Rf2# 1-0

[Event "Late-Titled-Tuesday-Blitz-June-18-2024"]
[Site "Chess.com"]
[Date "2024.06.18"]
[Round "7"]
[White "SpeedofLight0"]
[Black "dretch"]
[Result "1-0"]
[WhiteElo "3039"]
[BlackElo "2841"]
[TimeControl "180+1"]
[EndTime "15:20:03 PDT"]
[Termination "SpeedofLight0 won on time"]

1. c4 c6 2. d4 d5 3. Nf3 Nf6 4. e3 Bf5 5. Nc3 e6 6. Nh4 Bg6 7. Nxg6 hxg6 8. Qb3 Qc7 9. Bd2 Nbd7 10. O-O-O dxc4 11. Bxc4 b5 12. Be2 a6 13. Kb1 c5 14. Rc1 c4 15. Qc2 Rxh2 16. e4 Rxh1 17. Rxh1 Nb6 18. d5 exd5 19. e5 Qxe5 20. Re1 Be7 21. Bxc4 Qc7 22.
Bd3 b4 23. Na4 Qxc2+ 24. Bxc2 Rb8 25. Bxb4 Nc8 26. Bc3 Kf8 27. Bd3 Bb4 28. Bxa6 Nd6 29. Rd1 Nde4 30. Bd4 Ra8 31. Bb5 Ra5 32. Bc6 Ra6 33.
Bb5 Ra5 34. Bc6 Ra6 35. Rc1 Nd2+ 36. Ka1 Nc4 37. Bb5 Ra5 38. Bxc4 dxc4 39. Nb6 Rg5 40.
g3 Ne4 41. Nxc4 Rf5 42. Rc2 Bc5 43. Bxc5+ Rxc5 44. b3 Rf5 45. a4 Rxf2 46. Rxf2 Nxf2 47. a5 Nd3 48. a6 1-0

[Event "Late-Titled-Tuesday-Blitz-June-18-2024"]
[Site "Chess.com"]
[Date "2024.06.18"]
[Round "7"]
[White "ZverevLev"]
[Black "BilodeauA"]
[Result "1-0"]
[WhiteElo "2757"]
[BlackElo "2993"]
[TimeControl "180+1"]
[EndTime "15:20:03 PDT"]
[Termination "ZverevLev won by resignation"]

1. e4 e5 2. Nf3 Nc6 3. Bc4 Bc5 4. d3 Nf6 5. O-O d6 6. c3 h6 7. a4 a5 8. Be3 Bxe3 9. fxe3 Be6 10.
Bb5 O-O 11. Nbd2 Ne7 12. d4 Ng6 13. h3 c6 14. Bd3 Nh7 15. Nc4 Qc7 16. Qe1 Rae8 17.
Nh4 Nxh4 18. Qxh4 f6 19. Nd2 Kh8 20. Qg3 Bg8 21. Nf3 Ng5 22. Nh4 Bh7 23. Nf5 Bxf5 24.
exf5 d5 25. h4 Nf7 26. c4 Qb6 27. Qf2 Rd8 28. cxd5 cxd5 29. Rac1 Rfe8 30. Rc5 Qb4 31. Rc7 Re7 32. Rfc1 Qd6 33. Rc8 Ree8 34. R8c7 Re7 35.
Rc8 Rd7 36. R8c5 b6 37. Rc6 Qb4 38. Bb5 Nd6 39. Rxb6 Ne4 40. Qc2 exd4 41. Re6 Rd6 42. Qc7 dxe3 43. Qf7 Rg8 44. Re8 Rxe8 45. Qxe8+ Kh7 46.
Qg6+ Kg8 47. Rc8+ 1-0

[Event "Late-Titled-Tuesday-Blitz-June-18-2024"]
[Site "Chess.com"]
[Date "2024.06.18"]
[Round "7"]
[White "FuenfgegenWilly"]
[Black "Arteler"]
[Result "1-0"]
[WhiteElo "2523"]
[BlackElo "2232"]
[TimeControl "180+1"]
[EndTime "15:20:04 PDT"]
[Termination "FuenfgegenWilly won by checkmate"]

1. e4 e6 2. d4 d5 3. exd5 exd5 4. Nf3 Nf6 5. Bd3 Bd6 6. Qe2+ Qe7 7. Qxe7+ Bxe7 8.
Bf4 c6 9. O-O O-O 10. Re1 Re8 11. Nbd2 Bg4 12. Ne5 Bh5 13. Re3 Bd6 14. Rae1 Na6 15. c3 Nc7 16. h3 Ne6 17. Bh2 c5 18.
g4 Bg6 19. Nxg6 hxg6 20. Bxd6 cxd4 21. cxd4 Nxd4 22. Rxe8+ Rxe8 23. Rxe8+ Nxe8 24. Bc5 Nc6 25. Bb5 a6 26. Bxc6 bxc6 27. Nb3 Nf6 28. f3 Nd7 29. Kf2 f5 30. Ke3 Kf7 31. Kd4 Ke6 32. Na5 Ne5 33.
f4 fxg4 34. hxg4 Nxg4 35. Nxc6 Nf6 36. Nd8+ Kf5 37. Ke3 Nh5 38. Bd6 g5 39. fxg5 Kxg5 40. Kd4 Nf6 41. Be7 Kf5 42. Bxf6 gxf6 43. Kxd5 Kf4 44.
Ne6+ Kg4 45. Nd4 Kf4 46. b4 Ke3 47. a4 Kd3 48. b5 axb5 49. axb5 Kc3 50. b6 f5 51. b7 f4 52. b8=Q f3 53. Nxf3 Kd3 54. Ne5+ Ke2 55. Nd7 Ke3 56. Qe5+ Kf3 57. Qe4+ Kg3 58.
Qf5 Kh2 59. Qg5 Kh3 60. Ke4 Kh2 61. Kf3 Kh1 62. Qc1+ Kh2 63. Qf4+ Kh3 64. Qg4+ Kh2 65. Qg3+ Kh1 66. Qh4+ Kg1 67. Qg5+ Kf1 68. Qc1# 1-0

[Event "Late-Titled-Tuesday-Blitz-June-18-2024"]
[Site "Chess.com"]
[Date "2024.06.18"]
[Round "7"]
[White "VaglioSagan"]
[Black "sergiochess83"]
[Result "1/2-1/2"]
[WhiteElo "2535"]
[BlackElo "2862"]
[TimeControl "180+1"]
[EndTime "15:20:07 PDT"]
[Termination "Game drawn by repetition"]

1. d4 Nf6 2. Nf3 d5 3. e3 c5 4. c3 Qc7 5. Nbd2 Nbd7 6. Bd3 e5 7. dxe5 Nxe5 8. Nxe5 Qxe5 9. Nf3 Qc7 10. h3 Bd6 11. c4 dxc4 12. Bxc4 O-O 13. O-O b6 14.
Qe2 Bb7 15. Ba6 Be4 16. b3 Nd5 17. Bb2 Rad8 18. a3 Qe7 19. Rfd1 Bb8 20. Bd3 Bxd3 21. Qxd3 Nf4 22. Qf5 Ne6 23. Ne5 Bxe5 24. Qxe5 f6 25. Qe4 Qf7 26. b4 Rfe8 27. Qc2 Rc8 28. b5 Red8 29. a4 Nf8 30. a5 Qe6 31. axb6 axb6 32.
Ra6 Rd7 33. Ba3 Rcd8 34. Rxd7 Nxd7 35. Qd3 h6 36. Ra7 Kf7 37. Bb2 Ke7 38. Ba3 Kf7 39. Qc3 Qe5 40. Qc4+ Qe6 41. Qf4 Kg8 42. Qc7 Qe7 43.
Bb2 Qf8 44. Ba3 Qe7 45. Bb2 Kf8 46. Bc3 Kf7 47. Rb7 Kf8 48. Qc6 Kf7 49. Bd2 Qe6 50. Bc3 Qe7 51. Qc7 Kf8 52. Qc6 Kf7 1/2-1/2

[Event "Late-Titled-Tuesday-Blitz-June-18-2024"]
[Site "Chess.com"]
[Date "2024.06.18"]
[Round "7"]
[White "tptagain"]
[Black "OverallStranger"]
[Result "1/2-1/2"]
[WhiteElo "2943"]
[BlackElo "2420"]
[TimeControl "180+1"]
[EndTime "15:20:08 PDT"]
[Termination "Game drawn by repetition"]

1. d4 Nf6 2. Nf3 e6 3. Bg5 h6 4.
Bxf6 Qxf6 5. e4 d6 6. Nc3 g6 7. a4 a6 8. Qd2 b6 9. Bd3 Bb7 10. O-O Bg7 11. Ne2 Nd7 12. c3 O-O 13. Ng3 e5 14. d5 Nc5 15. Bc2 a5 16. b4 Nd7 17. Bd3 Ra7 18. Bb5 Qe7 19. Qd3 Rfa8 20. Qc4 Nf6 21. Rfe1 Ba6 22. Nd2 Bxb5 23. Qxb5 axb4 24.
cxb4 Qd7 25. Qxd7 Nxd7 26. Rec1 Bf6 27. Ngf1 Bd8 28. Nc4 Rxa4 29. Rxa4 Rxa4 30. Nxd6 cxd6 31. Rc8 Kf8 32. Rxd8+ Ke7 33. Rc8 Rxb4 34. f3 Rb1 35. Kf2 b5 36. Nd2 Rb2 37. Ke3 Nc5 38. Rc7+ Kf6 39.
Rc6 Ke7 40. Rc7+ Ke8 41. g4 Nb3 42. Nxb3 Rxb3+ 43. Kf2 Rb2+ 44. Kg3 b4 45. h4 Rb1 46.
Rb7 b3 47. g5 hxg5 48. hxg5 b2 49. Kg2 Kd8 50. Rb8+ Kc7 51. Rb3 Kd7 52. Rb4 Ke7 53. Rb7+ Kf8 54. Rb8+ Kg7 55. Rb7 Kg8 56. Rb8+ Kh7 57.
Rb7 Kg7 58. Rb6 Kf8 59. Rb8+ Ke7 60. Rb7+ Ke8 61. Rb8+ Kd7 62. Rb7+ Kd8 63. Rb8+ Kc7 64. Rb3 Kc8 65. Rb6 Kc7 66. Rb3 1/2-1/2

[Event "Late-Titled-Tuesday-Blitz-June-18-2024"]
[Site "Chess.com"]
[Date "2024.06.18"]
[Round "7"]
[White "Meri-Arabidze"]
[Black "Matalon"]
[Result "1-0"]
[WhiteElo "2678"]
[BlackElo "2497"]
[TimeControl "180+1"]
[EndTime "15:20:09 PDT"]
[Termination "Meri-Arabidze won on time"]

1. c4 Nf6 2. Nc3 g6 3. g3 d6 4.
Bg2 Bg7 5. Nf3 O-O 6. d4 Nc6 7. O-O Bg4 8. d5 Na5 9. Nd2 c5 10. Qc2 a6 11. h3 Bd7 12. a4 Ne8 13. Rb1 Rb8 14. b3 b5 15. axb5 axb5 16. Bb2 bxc4 17. bxc4 Rb4 18. Ba3 Rxc4 19. Nxc4 Nxc4 20. Bc1 Qa5 21. Ne4 Nb6 22. Bd2 Qa6 23. Bc3 Nxd5 24. Bxg7 Nxg7 25. Nxc5 dxc5 26. Bxd5 Bxh3 27. Rfc1 Nf5 28. e3 Qf6 29. Qxc5 Qg5 30. Bg2 Bxg2 31. Kxg2 Nh4+ 32. Kf1 Nf3 33. Qxg5 Nxg5 34. Rc7 e6 35. Rbb7 Ne4 36. Kg2 h5 37. Ra7 Nf6 38. Kf3 Nd5 39. Rcb7 Nf6 40. e4 Ng4 41. Ke2 Kg7 42. f3 Nf6 43.
Ke3 Nh7 44. e5 Ng5 45. Kf4 Nh7 46. Rc7 g5+ 47. Ke4 Kg6 48. f4 h4 49. gxh4 gxh4 50.
Ra1 Rb8 51. Rg1+ Kh5 52. Rxf7 Rb4+ 53. Ke3 Rb3+ 54. Kd4 1-0

[Event "Late-Titled-Tuesday-Blitz-June-18-2024"]
[Site "Chess.com"]
[Date "2024.06.18"]
[Round "7"]
[White "GothamChess"]
[Black "Orest_Vovk"]
[Result "1-0"]
[WhiteElo "2726"]
[BlackElo "2561"]
[TimeControl "180+1"]
[EndTime "15:20:10 PDT"]
[Termination "GothamChess won by checkmate"]

1. e4 g5 2. h4 g4 3. Nc3 d6 4.
d4 Bg7 5. Be3 c6 6. h5 h6 7.
Nge2 Qa5 8. a3 b5 9. Nc1 g3 10. fxg3 Nf6 11. Nb3 Qb6 12. Be2 Rg8 13. O-O Bh8 14.
Bxh6 Rxg3 15. Bf4 Rg8 16. e5 dxe5 17. Bxe5 Nbd7 18. Bh2 Nf8 19. Kh1 Ng4 20. Bxg4 Bxg4 21. Qe1 Bxh5 22. d5 Bxc3 23. Qxc3 cxd5 24. Rae1 Ne6 25.
Qe5 Bg4 26. c3 O-O-O 27. Nd4 Rh8 28. Rxf7 Nxd4 29. cxd4 Rh5 30. Rc1+ Kb7 31. Qxe7+ Rd7 32. Qxd7+ Bxd7 33. Rxd7+ Ka6 34. Rdc7 Ka5 35. R7c6 Qxd4 36. R6c2 Qf4 37. g3 Qf3+ 38. Kg1 Re5 39. Rf2 Qe3 40.
b4+ Ka4 41. Rf1 Rf5 42. Kg2 Rxf2+ 43. Rxf2 Qe4+ 44. Kg1 Kxa3 45. g4 Kxb4 46. Rf4 Kc3 47. Rxe4 dxe4 48. g5 e3 49. Bg3 e2 50. g6 b4 51. g7 b3 52. g8=Q b2 53. Qc8+ Kd2 54.
Qd7+ Kc2 55. Qc6+ Kd1 56. Qd5+ Kc1 57. Qc4+ Kd1 58. Qd3+ Kc1 59. Bf4# 1-0

[Event "Late-Titled-Tuesday-Blitz-June-18-2024"]
[Site "Chess.com"]
[Date "2024.06.18"]
[Round "7"]
[White "Roedor"]
[Black "JAN2404"]
[Result "1/2-1/2"]
[WhiteElo "2443"]
[BlackElo "2083"]
[TimeControl "180+1"]
[EndTime "15:20:11 PDT"]
[Termination "Game drawn by repetition"]

1. d4 Nf6 2. c4 g6 3. g3 Bg7 4.
Bg2 O-O 5. Nc3 d6 6. Nf3 c6 7.
O-O Bf5 8. Ne1 e5 9. d5 cxd5 10. cxd5 Na6 11. e4 Bd7 12. Be3 Ng4 13. Bd2 f5 14. Nd3 Nc5 15. Nxc5 dxc5 16. h3 Nf6 17. Qb3 Qc8 18. exf5 gxf5 19. Bg5 c4 20. Qb4 Rb8 21. Rfe1 e4 22. Bf4 Ra8 23. Rad1 Nh5 24. Bd6 Rf7 25. Ne2 a5 26. Qd2 Ra6 27. Bf4 Nxf4 28. Nxf4 c3 29. bxc3 Bxc3 30. Qe3 Bxe1 31. Rxe1 Qc2 32.
Rc1 Qxa2 33. Ne6 Bxe6 34. dxe6 Qxe6 35. Bf1 Rc6 36. Qg5+ Qg6 37. Qd8+ Kg7 38. Rd1 Qf6 39. Qd5 a4 40. Bc4 Rfc7 41. Qg8+ Kh6 42. Be2 Rc1 43.
g4 Rxd1+ 44. Bxd1 Rc1 45. Qd5 Qc6 46. Qd2+ Kg7 47. Kh2 Qc7+ 48. Kg2 a3 49. Qg5+ Kf8 50. Bb3 Ke8 51. Qg8+ Kd7 52. Qe6+ Kd8 53. Qg8+ Ke7 54. Qe6+ Kf8 55. Qg8+ Ke7 56. Qe6+ Kd8 57. Qg8+ Ke7 1/2-1/2

[Event "Late-Titled-Tuesday-Blitz-June-18-2024"]
[Site "Chess.com"]
[Date "2024.06.18"]
[Round "7"]
[White "RantomOpening"]
[Black "IMRosen"]
[Result "0-1"]
[WhiteElo "2619"]
[BlackElo "2757"]
[TimeControl "180+1"]
[EndTime "15:20:12 PDT"]
[Termination "IMRosen won by resignation"]

1. c4 e6 2. Nf3 d5 3. e3 Nf6 4. Nc3 Nbd7 5. b3 b6 6. Bb2 Bb7 7. d4 a6 8. Be2 Bd6 9. O-O O-O 10. Rc1 Qe7 11. Qc2 Rac8 12. Rfd1 Rfe8 13. Bd3 dxc4 14. bxc4 Bxf3 15. gxf3 e5 16. Ne4 Nxe4 17. Bxe4 Qh4 18.
Kg2 exd4 19. f4 Nf6 20. Bf5 Ng4 21. h3 Nf6 22. Bxc8 Rxc8 23. Bxd4 Re8 24. Qf5 Ne4 25. Rf1 Re6 26. Qd5 Rg6+ 27. Kf3 Nf6 28. Qa8+ Bf8 29. Ke2 Qh5+ 30. Kd2 Qa5+ 31. Ke2 Qxa2+ 32. Kf3 Qa5 33.
c5 bxc5 34. Bxc5 Nd7 35. Bxf8 Qh5+ 36. Ke4 Re6+ 37. Kd3 Nxf8 38. Rc4 Rd6+ 39. Rd4 Qb5+ 40. Ke4 Qxf1 41. Rb4 Qh1+ 42. f3 Re6+ 43. Kd4 Qd1+ 44.
Kc5 Qc2+ 45. Rc4 Qe2 46. Re4 Qc2+ 47. Kb4 Qb2+ 48. Kc4 Qb5+ 49. Kd4 Rd6+ 50. Kc3 Rc6+ 51. Kd2 Qd5+ 52. Rd4 Rc2+ 53. Kxc2 Qxa8 0-1

[Event "Late-Titled-Tuesday-Blitz-June-18-2024"]
[Site "Chess.com"]
[Date "2024.06.18"]
[Round "7"]
[White "Mops_2004"]
[Black "champ2005"]
[Result "1-0"]
[WhiteElo "2837"]
[BlackElo "3054"]
[TimeControl "180+1"]
[EndTime "15:20:13 PDT"]
[Termination "Mops_2004 won by resignation"]

1. g3 e5 2. c4 Nc6 3. Bg2 Bc5 4. Nc3 d6 5. e3 a6 6. Nge2 Ba7 7. d4 Nge7 8. b3 h5 9. h3 h4 10. g4 f5 11. gxf5 Bxf5 12. d5 Nb8 13. Ne4 Nd7 14. N2c3 O-O 15. Qh5 Ng6 16. Bd2 b5 17.
cxb5 axb5 18. Nxb5 Bb6 19. a4 Qe8 20. O-O Nc5 21.
Nxc5 dxc5 22. d6 c6 23. Nc3 Ba5 24. Ne4 Bxd2 25. Nxd2 Qd7 26. Ne4 Nh8 27. Rad1 Ra5 28. Qxh4 Nf7 29. Rd2 Rb8 30. Rc1 c4 31. Rxc4 Rd5 32.
Nc5 Qxd6 33. Bxd5 cxd5 34. Re4 Qg6+ 35. Rg4 Bxg4 36. Qxg4 Qb1+ 37. Kh2 Qc1 38. Rxd5 Qc2 39. Ne4 Rf8 40. Rd7 Kh8 41. Qf5 Qxb3 42. h4 Kg8 43. Qg6 Kh8 44. Qf5 Kg8 45. Qg4 Kh8 46. Qh5+ Kg8 47. Qf5 Qc2 48. Nf6+ gxf6 49. Qxc2 1-0

[Event "Late-Titled-Tuesday-Blitz-June-18-2024"]
[Site "Chess.com"]
[Date "2024.06.18"]
[Round "7"]
[White "amylazy"]
[Black "carokannlover213"]
[Result "1-0"]
[WhiteElo "2486"]
[BlackElo "2653"]
[TimeControl "180+1"]
[EndTime "15:20:13 PDT"]
[Termination "amylazy won on time"]

1. d4 e6 2. Nf3 Nf6 3. e3 b6 4. Bd3 Bb7 5. O-O c5 6. c4 cxd4 7. exd4 Be7 8. Nc3 O-O 9. d5 exd5 10. cxd5 d6 11. Re1 Nbd7 12. Bc2 Re8 13. Bf4 h6 14.
Qd3 Nc5 15. Qd4 a5 16. Rad1 b5 17. Nxb5 Nxd5 18. Bxd6 Ne6 19. Rxe6 fxe6 20. Qe4 Bxd6 21. Qh7+ Kf8 22. Bg6 Qf6 23. Nxd6 Nf4 24. Nxe8 Bxf3 25. Nxf6 Bxd1 26. Qh8+ Ke7 27. Qxg7+ Kd6 28. Qd7+ Ke5 29. Qxd1 Kxf6 30. Be4 Rc8 31. Kf1 Ke7 32. g3 Rc4 33. gxf4 Rxe4 34. Qf3 Rb4 35. Qa3 Kf6 36. Qxa5 Rxf4 37. Qd8+ Kf7 38. Qd7+ Kf6 39. Qd6 Rc4 40.
Qf8+ Ke5 41. b3 Rc1+ 42. Kg2 Rc2 43. Qg7+ Kd6 44. Qd4+ Ke7 45. a4 Rc1 46. Qh4+ Kd7 47. Qxh6 Rb1 48. Qh7+ Kd6 49. Qxb1 e5 50. b4 Ke6 51. b5 Kf6 52. b6 Kg5 53. b7 Kh6 54.
b8=Q e4 55. Qf4+ Kg7 56. Qb7+ Kg8 57. Qff7+ 1-0

[Event "Late-Titled-Tuesday-Blitz-June-18-2024"]
[Site "Chess.com"]
[Date "2024.06.18"]
[Round "7"]
[White "Msb2"]
[Black "temus_galaktionov"]
[Result "1/2-1/2"]
[WhiteElo "3073"]
[BlackElo "2878"]
[TimeControl "180+1"]
[EndTime "15:20:14 PDT"]
[Termination "Game drawn by repetition"]

1. d4 c6 2. c4 g6 3. Nc3 d6 4. e4 Bg7 5. Nf3 Nd7 6. Be2 e5 7. Be3 Ngf6 8. O-O O-O 9. Qc2 Qe7 10. Rad1 Re8 11. d5 c5 12. Ne1 Rf8 13. Nd3 Ne8 14. b4 b6 15. bxc5 bxc5 16. f4 exf4 17. Bxf4 Ne5 18.
Nxe5 Bxe5 19. Bxe5 Qxe5 20. Qd2 Bd7 21. Rb1 Ng7 22.
Rb7 Bc8 23. Rb3 f5 24. Nb5 Bd7 25. Qf4 Qxf4 26. Rxf4 Bxb5 27. cxb5 g5 28. Rf1 fxe4 29. Rxf8+ Kxf8 30. Ra3 Nf5 31. b6 a5 32. b7 Rb8 33.
Ba6 Nd4 34. Rxa5 Ke7 35. Ra3 Kf6 36. Rh3 Kg6 37. Kf2 g4 38. Re3 Kf5 39. Kg3 Nc2 40. Rb3 Nb4 41. Bc4 Ke5 42. a3 Kd4 43. axb4 Kxc4 44.
bxc5 dxc5 45. Rb1 Kxd5 46. Kxg4 c4 47. Kf4 Kd4 48. Rd1+ Kc3 49. Rd7 Kb2 50. Rd4 c3 51. Rb4+ Ka3 52. Rb6 c2 53. Rc6 Kb2 54. Rb6+ Kc3 55.
Rc6+ Kd2 56. Rd6+ Ke2 57. Rc6 Rxb7 58. Rxc2+ Kd3 59. Ra2 Rf7+ 60. Kg3 e3 61. Ra3+ Kd2 62. Ra2+ Kd3 63. Ra3+ Ke4 64. Ra4+ Kd5 65. Ra2 Ke4 66. Ra4+ Kd3 67. Ra3+ 1/2-1/2

[Event "Late-Titled-Tuesday-Blitz-June-18-2024"]
[Site "Chess.com"]
[Date "2024.06.18"]
[Round "7"]
[White "aot317"]
[Black "sammartin99"]
[Result "1-0"]
[WhiteElo "2552"]
[BlackElo "2378"]
[TimeControl "180+1"]
[EndTime "15:20:14 PDT"]
[Termination "aot317 won on time"]

1. d4 d5 2. c4 c6 3. Nf3 Nf6 4. e3 Bf5 5. Nc3 e6 6. b3 Nbd7 7. Be2 h6 8. O-O Bd6 9. Bb2 O-O 10. Rc1 Rc8 11. Qd2 Bb8 12. a4 Bg4 13. h3 Bh5 14.
c5 Qc7 15. g3 Rfe8 16. b4 Bg6 17. b5 Nh5 18. Kh1 Nxg3+ 19. fxg3 Qxg3 20. Bd1 Qxh3+ 21. Kg1 e5 22. Qg2 Qe6 23. Re1 Bh5 24. Nxe5 Nxe5 25. dxe5 Bxd1 26. Rcxd1 Bxe5 27. e4 dxe4 28. Rxe4 Qb3 29.
Rde1 f6 30. Nd1 cxb5 31. Bxe5 fxe5 32. Rg4 Re7 33. axb5 Qxb5 34. Ne3 Qxc5 35. Kh1 Qc6 36.
Nf5 Qxg2+ 37. Rxg2 Rd7 38. Rxe5 Kh7 39. Re6 Rc1+ 40. Kh2 Rc5 41. Ne7 Rh5+ 42. Kg1 Rd1+ 43. Kf2 Rd2+ 44. Kg1 Rxg2+ 45. Kxg2 Rb5 46. Kf3 a5 47.
Kf4 a4 48. Re4 a3 49. Ra4 Rb3 50. Nf5 1-0

[Event "Late-Titled-Tuesday-Blitz-June-18-2024"]
[Site "Chess.com"]
[Date "2024.06.18"]
[Round "7"]
[White "merinasian"]
[Black "LUISMIGUELOV"]
[Result "1-0"]
[WhiteElo "2400"]
[BlackElo "2200"]
[TimeControl "180+1"]
[EndTime "15:20:16 PDT"]
[Termination "merinasian won by resignation"]

1. d4 d5 2. Nf3 c6 3. c4 Nf6 4.
e3 Bf5 5. cxd5 cxd5 6. Qb3 Qb6 7. Qxb6 axb6 8. Bb5+ Nc6 9. Ne5 Bd7 10. Nxd7 Kxd7 11. Nc3 e6 12. O-O Bb4 13. Bd2 Rhc8 14. Rfc1 Ra5 15.
a4 Raa8 16. f3 Kd6 17. Be1 h5 18. Bf2 Na5 19. e4 Bxc3 20. e5+ Ke7 21. exf6+ gxf6 22. Rxc3 Nc4 23. Rac1 Kd8 24. Bh4 Ke7 25. b3 Nd6 26. Rxc8 Rxc8 27. Rxc8 Nxc8 28. Bg3 Na7 29. Bb8 Nxb5 30.
axb5 Kd7 31. Kf2 f5 32. Ke3 f6 33. Kf4 Ke7 34. Bc7 Kd7 35. Bxb6 Ke7 36. Bc5+ Kf7 37. b6 Kg6 38. b4 h4 39. b5 Kh5 40. Be7 Kg6 41.
g3 h3 42. g4 fxg4 43. Kxg4 Kf7 44. Bd6 Kg6 45. f4 f5+ 46. Kxh3 Kh5 47. Be5 Kg6 48.
Kg3 Kh5 49. Bd6 Kg6 50. Kh4 Kh6 51. Be5 Kg6 52. Bd6 Kh6 53. Bf8+ Kg6 54. h3 Kf7 55. Bh6 Kg6 56. Bg5 Kg7 57. Kg3 Kg6 58. h4 Kh5 59. Kf3 Kg6 60. Ke3 Kh5 61. Kd3 Kg4 62.
Kc3 Kh5 63. Kb4 Kg4 64. Kc5 Kh5 65. Kd6 Kg4 66. Kxe6 Kf3 67. Kxd5 Ke3 68. Ke5 Kd3 69. d5 1-0

[Event "Late-Titled-Tuesday-Blitz-June-18-2024"]
[Site "Chess.com"]
[Date "2024.06.18"]
[Round "7"]
[White "baki83"]
[Black "Annawel"]
[Result "0-1"]
[WhiteElo "2823"]
[BlackElo "3074"]
[TimeControl "180+1"]
[EndTime "15:20:17 PDT"]
[Termination "Annawel won by resignation"]

1. e4 e6 2. d4 d5 3. exd5 Qxd5 4.
Nf3 Nf6 5. c4 Qa5+ 6. Nc3 c5 7. d5 exd5 8. cxd5 Bd6 9. Bb5+ Bd7 10. Qe2+ Kd8 11. O-O Re8 12. Qd3 h6 13. Bd2 Qc7 14.
Bc4 a6 15. a4 Bg4 16. h3 Bxf3 17. Qxf3 Nbd7 18. Ba2 Ne5 19. Qf5 Qd7 20. Qxd7+ Kxd7 21. a5 Nd3 22. Bb3 Kc7 23. Na4 Re2 24. Rad1 Ne4 25.
Bc4 Rxd2 26. Bxd3 Re8 27. Rfe1 Rxd1 28. Rxd1 Nf6 29. Rc1 Nxd5 30. Nxc5 Bxc5 31. Rxc5+ Kd6 32. Rc1 Nf4 33. Bf1 Ne2+ 34. Bxe2 Rxe2 35. Rd1+ Ke6 36. b3 Re5 37. b4 Re4 38. Rb1 Re5 39. Rc1 Kd6 40.
Rc4 g5 41. f3 f5 42. g4 f4 43. Kf2 Re3 44. Rd4+ Kc6 45. Rc4+ Kb5 46. Rc7 Kxb4 47.
Rxb7+ Kxa5 48. Rh7 Re6 49. h4 Kb4 50. hxg5 hxg5 51. Rg7 Re5 52. Rb7+ Rb5 53. Ra7 a5 54. Ke2 Rd5 55. Rb7+ Kc3 56. Ra7 Kb3 57. Rb7+ Ka3 58. Rb5 Rxb5 0-1

[Event "Late-Titled-Tuesday-Blitz-June-18-2024"]
[Site "Chess.com"]
[Date "2024.06.18"]
[Round "7"]
[White "HalfIsCrayfish"]
[Black "Statham_01"]
[Result "0-1"]
[WhiteElo "2564"]
[BlackElo "2713"]
[TimeControl "180+1"]
[EndTime "15:20:17 PDT"]
[Termination "Statham_01 won by resignation"]

1. d4 d5 2. c4 Nc6 3. e3 e5 4. cxd5 Qxd5 5. Nc3 Bb4 6. Bd2 Bxc3 7. bxc3 Nf6 8. c4 Qd6 9. d5 Nb8 10. Rb1 a5 11. Bd3 Na6 12. Bxa5 Nc5 13. Bb4 Rxa2 14.
Ne2 Bg4 15. f3 e4 16. fxe4 Nxd3+ 17. Qxd3 c5 18. Bd2 Bxe2 19. Kxe2 Qe5 20. Qb3 Rxd2+ 21.
Kxd2 Nxe4+ 22. Ke1 O-O 23. Qd3 f5 24. g3 Kh8 25. d6 Nxd6 26. Rf1 h6 27. Rd1 Ne4 28.
Rf4 Qb2 29. Kf1 Kh7 30. Kg1 Qe5 31. Rdf1 g6 32. g4 Ng5 33. gxf5 Nh3+ 34. Kg2 Nxf4+ 35. exf4 Qxf5 36. Qxf5 Rxf5 37. Kg3 g5 38. Rd1 Rxf4 39. Rd7+ Kg6 40. Rxb7 Rxc4 41. Rb6+ Kh5 42. Rc6 Rc3+ 43.
Kg2 Rc2+ 44. Kg3 c4 45. Rc5 Rc3+ 46. Kg2 Kg4 47. h3+ Kf4 48. Rc6 Rc2+ 49. Kf1 h5 50.
Rh6 h4 51. Rg6 c3 52. Kg1 Rc1+ 53. Kg2 Rc2+ 54. Kg1 Rd2 0-1

[Event "Late-Titled-Tuesday-Blitz-June-18-2024"]
[Site "Chess.com"]
[Date "2024.06.18"]
[Round "7"]
[White "GMG"]
[Black "Zhigalko_Sergei"]
[Result "0-1"]
[WhiteElo "2693"]
[BlackElo "2978"]
[TimeControl "180+1"]
[EndTime "15:20:18 PDT"]
[Termination "Zhigalko_Sergei won on time"]

1. d4 Nf6 2. c4 e6 3. Nf3 b6 4. g3 Ba6 5. Qa4 Bb7 6. Bg2 c5 7. dxc5 bxc5 8. O-O Be7 9. Nc3 O-O 10. Rd1 Qb6 11. Bf4 Rd8 12. Rab1 Nc6 13. Ne5 Nxe5 14. Bxe5 Bxg2 15. Kxg2 d6 16. Bf4 h6 17. Rd2 Rd7 18.
e4 Rad8 19. Rbd1 Qb7 20. f3 a6 21. Qc2 Ne8 22. b3 Bf6 23. Ne2 Qc6 24. Rd3 Bd4 25. Be3 e5 26. Nc3 Nc7 27. Nd5 Nxd5 28. exd5 Qb6 29.
f4 Re8 30. f5 Qd8 31. Qf2 a5 32. Rf1 Qf6 33. a4 Rb7 34. g4 e4 35. Rxd4 cxd4 36. Bxd4 e3 37. Bxf6 exf2 38. Bc3 Rxb3 39. Bxa5 Re4 40.
h3 Rxc4 41. Rxf2 Rd3 42. Re2 Rxd5 43. Be1 Rxa4 44. Bg3 Rd3 45. Rc2 f6 46. Bf2 Kh7 47.
Kh2 d5 48. Kg2 Raa3 49. Rc7 Rxh3 50. Bd4 Rhd3 51. Bxf6 Ra2+ 0-1

[Event "Late-Titled-Tuesday-Blitz-June-18-2024"]
[Site "Chess.com"]
[Date "2024.06.18"]
[Round "7"]
[White "micke12a"]
[Black "HajiyevKanan"]
[Result "0-1"]
[WhiteElo "2388"]
[BlackElo "2560"]
[TimeControl "180+1"]
[EndTime "15:20:19 PDT"]
[Termination "HajiyevKanan won by resignation"]

1. d4 a6 2. e4 c6 3. Nc3 d5 4. exd5 cxd5 5. Nf3 Bg4 6. h3 Bh5 7. Be2 Nc6 8. O-O e6 9. Be3 Bd6 10. Qd2 Nge7 11. a3 Qc7 12. b4 O-O 13. Na4 b6 14. Ne5 Bxe2 15. Qxe2 Nxe5 16. dxe5 Bxe5 17. Bxb6 Qc6 18.
Qxe5 Qxa4 19. Bd4 Nf5 20. Bb2 Qxc2 21. g4 d4 22. Rab1 Nh4 23. Qg3 g5 24. Bxd4 Rfd8 25. Be3 h6 26. f4 Rd3 27. fxg5 hxg5 28. Qf2 Qxf2+ 29. Bxf2 Rxh3 30. a4 Ra3 31. Ra1 Rb3 32. Rfb1 Rxb1+ 33. Rxb1 Nf3+ 34. Kg2 Ne5 35. b5 axb5 36.
axb5 Nxg4 37. b6 Nxf2 38. Kxf2 f5 39. b7 Rb8 40. Ke3 Kf7 41. Kd4 Ke7 42. Kc5 g4 43.
Kb6 g3 44. Kc7 Rg8 45. b8=Q Rxb8 46. Kxb8 f4 47. Rg1 Kd6 48. Kb7 e5 49. Kb6 e4 50. Kb5 Kd5 51. Kb4 Kd4 52. Kb3 Kd3 53. Kb2 Kd2 54. Rg2+ Ke1 55. Kc2 Kf1 56. Rd2 g2 57.
Rd1+ Kf2 58. Rd2+ Kf3 59. Rd1 e3 60. Kd3 Kf2 61. Rc1 g1=Q 62. Rxg1 Kxg1 0-1